 Dungeon Crawl Stone Soup version 0.20-a0-983-g35de22d (webtiles) character file.

3738 Murumi the Covert (level 10, 0/88 HPs)
             Began as a Naga Enchanter on Apr 10, 2017.
             Was a Follower of Cheibriados.
             Slain by a killer bee (1 damage)
             ... on level 8 of the Dungeon.
             The game lasted 00:43:41 (10242 turns).

Murumi the Covert (Naga Enchanter)                 Turns: 10242, Time: 00:43:42

Health: 0/88       AC:  8    Str: 15    XL:     10   Next: 15%
Magic:  12/17      EV: 11    Int: 22    God:    Cheibriados [*.....]
Gold:   260        SH:  0    Dex: 21    Spells: 17/19 levels left

rFire    . . .     SeeInvis +   u - +0 dagger (venom)
rCold    + . .     Gourm    .   (no shield)
rNeg     + . .     Faith    .   q - +2 robe {Archmagi}
rPois    +         Spirit   .   (helmet restricted)
rElec    .         Reflect  .   l - +0 cloak
rCorr    .         Harm     .   v - +0 pair of gloves
MR       ++...     Clarity  +   (no barding)
Stlth    +++++++...             (no amulet)
Regen    0.3/turn               o - ring of positive energy
MPRegen  0.2/turn               (no ring)

@: lethally poisoned (0 -> -4), very slow
A: antennae 1, thin skeletal structure 1, see invisible, agile 1, clarity,
clever 1, cold resistance 1, deformed body, deterioration 1, magic resistance 1,
poison resistance, slowness 2, slow metabolism 1, spit poison 1, strong 1, AC +3
a: Spit Poison, Bend Time, Renounce Religion


You were on level 8 of the Dungeon.
You worshipped Cheibriados.
Cheibriados was aware of your devotion.
You were near starving.

You visited 2 branches of the dungeon, and saw 9 of its levels.

You collected 260 gold pieces.

Inventory:

Hand Weapons
 u - a +0 dagger of venom (weapon)
Armour
 l - a +0 cloak (worn)
 m - a +0 helmet
 q - a +2 robe of the Archmagi (worn)
 v - a +0 pair of gloves (worn)
Jewellery
 o - a ring of positive energy (left hand)
Wands
 p - a wand of polymorph (0/24)
Scrolls
 g - 4 scrolls of teleportation
 j - 2 scrolls of remove curse
 k - 4 scrolls of identify
Potions
 b - a potion of cancellation
 e - 3 potions of flight
 f - a potion of agility
 i - 2 potions of resistance
 n - a potion of lignification
Books
 c - a book of Maledictions

   Spells                             Type                      Level
   a - Corona                         Hexes                        1
   b - Ensorcelled Hibernation        Hexes/Ice                    2
   c - Confuse                        Hexes                        3
   d - Tukima's Dance                 Hexes                        3
   e - Dazzling Spray                 Conjuration/Hexes            3
Comestibles
 d - 5 bread rations
 h - 2 royal jellies
 r - 6 meat rations


   Skills:
 - Level 5.1 Fighting
 - Level 5.0 Short Blades
 - Level 2.0 Dodging
 - Level 14.3 Stealth
 - Level 5.2 Spellcasting
 + Level 5.1 Hexes
 - Level 4.0 Invocations


You had 17 spell levels left.
You knew the following spells:

 Your Spells              Type           Power        Failure   Level  Hunger
b - Ensorcelled Hibernat  Hex/Ice        ####..       8%          2    None


Dungeon Overview and Level Annotations

Branches:
Dungeon (8/15)             Temple (1/1) D:6
   Lair: D:8-11

Altars:
Ashenzari
Cheibriados
Dithmenos
Elyvilon
Fedhas
Gozag
Hepliaklqana
Kikubaaqudgha
Makhleb
Nemelex Xobeh
Okawaru
Qazlal
Ru
Sif Muna
Trog
Uskayaw
Vehumet
Wu Jian
Xom
Yredelemnul
Zin
The Shining One


Innate Abilities, Weirdness & Mutations

You cannot wear boots.
Your serpentine skin is tough. (AC +3)
You have supernaturally acute eyesight. (SInv)
Armour fits poorly on your strangely shaped body.
Your system is resistant to poisons. (rPois)
You cover ground very slowly.
You have a slow metabolism.
You can spit poison.
You have a pair of small antennae on your head.
You have a somewhat thin skeletal structure. (Dex +2, Stealth)
You are agile. (Dex +2)
You possess an exceptional clarity of mind.
Your mind is acute. (Int +2)
Your flesh is cold resistant. (rC+)
Your body sometimes deteriorates upon taking damage.
You are resistant to hostile enchantments. (MR+)
Your muscles are strong. (Str +2)


Message History

The killer bee stings you but does no damage.
The killer bee rages.
The killer bee completely misses you. The killer bee stings you!
* * * LOW HITPOINT WARNING * * *
The killer bee rages.
Your magical effects are unravelling.
You feel magically purged.
You feel less wooden.
Your +0 cloak unmelds from your body.
Your +0 pair of gloves unmelds from your body.
Your +2 robe of the Archmagi unmelds from your body.
You feel powerful.
You feel a little less agile now.
* * * LOW HITPOINT WARNING * * *
You feel sick.
You kill the killer bee!
Cheibriados thoroughly appreciates the change of pace.
You hear an angry buzzing noise.
The killer bee stings you.
You die...

#...#. .......
.....## y# .......
......# #y# #...#.#
#.###...# #y#
#...#.## # #...# #y#
#... .. #...#
#.###..# .#..
#.#.yy##.#.#.##
##.yyyy@....>).
####...yy##.......
$.........##.#.#.##
..........##.#.#
.#.##..........#.##.
....................
.....####.##<#.#.##
..## #.##.#.# ..
......


You could see 8 killer bees.

Vanquished Creatures
  The ghost of StormFighter the Thaumaturge, a novice DEFE of Vehumet (D:7)
  A queen bee (D:8)
  A hippogriff (D:7)
  5 yaks (D:6)
  Sigmund (D:3)
  A hungry ghost (D:7)
  An orc warrior (D:6)
  2 ice beasts (D:5)
  A phantom (D:3)
  2 sky beasts (D:5)
  An ogre (D:6)
  A centaur (D:6)
  3 killer bees (D:8)
  2 crimson imps
  2 bullfrog zombies
  4 hounds
  A jelly (D:6)
  An orc priest (D:6)
  5 orc wizards
  4 iguanas
  Jessica (D:2)
  3 worker ants
  A hound zombie (D:5)
  A worker ant zombie (D:6)
  15 gnolls
  6 adders
  2 shadow imps
  An ooze (D:1)
  An adder skeleton (D:6)
  2 worms (D:3)
  2 dart slugs
  3 leopard geckos
  19 orcs
  3 ball pythons
  7 giant cockroaches
  7 goblins
  9 hobgoblins
  6 jackals
  3 quokkas
  4 bats
  6 frilled lizards
  12 kobolds
  5 rats
159 creatures vanquished.

Notes
Turn   | Place    | Note
-------+----------+-------------------------------------------
     0 | D:1      | Murumi the Naga Enchanter began the quest for the Orb.
     0 | D:1      | Reached XP level 1. HP: 15/15 MP: 3/3
   341 | D:1      | Reached XP level 2. HP: 9/22 MP: 5/5
   600 | D:1      | Reached skill level 5 in Stealth
   606 | D:1      | Learned a level 2 spell: Ensorcelled Hibernation
  1101 | D:1      | Reached skill level 1 in Fighting
  1228 | D:2      | Reached XP level 3. HP: 31/31 MP: 6/6
  1263 | D:2      | Noticed Jessica
  1268 | D:2      | Killed Jessica
  1268 | D:2      | Reached skill level 6 in Stealth
  1350 | D:2      | Found a sparkling altar of Nemelex Xobeh.
  1350 | D:2      | Found a sacrificial altar of Ru.
  1388 | D:2      | Reached XP level 4. HP: 19/38 MP: 7/7
  1545 | D:2      | Found an ancient bone altar of Kikubaaqudgha.
  1777 | D:2      | Found a hide-covered altar of Uskayaw.
  1777 | D:2      | Found a shimmering altar of Xom.
  1777 | D:2      | Found a blossoming altar of Fedhas.
  1777 | D:2      | Found a glowing golden altar of the Shining One.
  1794 | D:2      | Reached skill level 7 in Stealth
  1939 | D:2      | Found an opulent altar of Gozag.
  1941 | D:2      | Found an iron altar of Okawaru.
  2229 | D:3      | Noticed Sigmund
  2243 | D:3      | Killed Sigmund
  2243 | D:3      | Reached skill level 9 in Stealth
  2243 | D:3      | Reached XP level 5. HP: 10/44 MP: 6/8
  2243 | D:3      | Reached XP level 6. HP: 12/51 MP: 6/9
  2783 | D:3      | Noticed a phantom
  3178 | D:3      | Gained mutation: You have a beak for a mouth. [potion of mutation]
  3178 | D:3      | Gained mutation: You have sharp fingernails. [potion of mutation]
  3179 | D:3      | Lost mutation: You have sharp fingernails. [potion of mutation]
  3179 | D:3      | Lost mutation: You have a beak for a mouth. [potion of mutation]
  3179 | D:3      | Gained mutation: You have a somewhat thin skeletal structure. (Dex +2, Stealth) [potion of mutation]
  3179 | D:3      | Gained mutation: Your mind is acute. (Int +2) [potion of mutation]
  3179 | D:3      | Gained mutation: You are agile. (Dex +2) [potion of mutation]
  3193 | D:3      | Killed a phantom
  3193 | D:3      | Reached skill level 10 in Stealth
  4504 | D:4      | Reached XP level 7. HP: 60/60 MP: 5/10
  4867 | D:4      | Reached skill level 11 in Stealth
  6177 | D:5      | Entered Level 5 of the Dungeon
  6221 | D:5      | Reached skill level 12 in Stealth
  6495 | D:5      | Gained mutation: You are robust. (+10% HP) [mutagenic meat]
  6496 | D:5      | Gained mutation: Your body sometimes deteriorates upon taking damage. [mutagenic meat]
  6497 | D:5      | Gained mutation: You are resistant to hostile enchantments. (MR+) [mutagenic meat]
  6498 | D:5      | Lost mutation: You are robust. (+10% HP) [mutagenic meat]
  6499 | D:5      | Gained mutation: You have a pair of small antennae on your head. [mutagenic meat]
  6730 | D:5      | Reached XP level 8. HP: 67/67 MP: 11/11
  6736 | D:5      | Gained mutation: Your muscles are strong. (Str +2) [mutagenic meat]
  6738 | D:5      | Gained mutation: You possess an exceptional clarity of mind. [mutagenic meat]
  6739 | D:5      | Gained mutation: Your flesh is cold resistant. (rC+) [mutagenic meat]
  6838 | D:5      | Reached skill level 5 in Short Blades
  7596 | D:6      | Reached skill level 5 in Fighting
  7939 | D:6      | Found a staircase to the Ecumenical Temple.
  7951 | Temple   | Entered the Ecumenical Temple
  7974 | Temple   | Became a worshipper of Cheibriados the Contemplative
  8300 | D:6      | Noticed a yak
  8305 | D:6      | Noticed a yak
  8321 | D:6      | Killed a yak
  8321 | D:6      | Reached XP level 9. HP: 55/81 MP: 4/15
  8475 | D:6      | Reached skill level 5 in Spellcasting
  8721 | D:6      | Found a radiant altar of Vehumet.
  9167 | D:7      | Noticed StormFighter's ghost (novice DEFE)
  9197 | D:7      | Killed StormFighter's ghost
  9197 | D:7      | Reached skill level 13 in Stealth
  9205 | D:7      | Reached * piety under Cheibriados
  9246 | D:7      | HP: 3/81 [gnoll/spear of freezing (2)]
  9612 | D:7      | Reached skill level 14 in Stealth
  9923 | D:7      | Reached XP level 10. HP: 82/88 MP: 17/17
 10232 | D:8      | Reached skill level 5 in Hexes
 10241 | D:8      | HP: 2/132 [killer bee (11)]
 10242 | D:8      | Slain by a killer bee

Vault maps used:
D:1:      minmay_arrival_up_and_down, glass_columns_b, minmay_misc_feat_plants
D:2:      minmay_overflow_temple_hex, grunt_temple_overflow_open, minivault_23,
          uniq_jessica
D:3:      uniq_sigmund
D:4:      first_bread
D:6:      kennysheep_little_box
D:8:      david_nohive_1
Temple:   minmay_temple_bridge_abc

Skill      XL: |  1  2  3  4  5  6  7  8  9 10 |
---------------+-------------------------------+-----
Dodging        | 2 |  2.0
Stealth        | 5 6 9 10 12 14 | 14.3
Fighting       | 1 2 5 |  5.1
Short Blades   | 2 3 5 |  5.0
Spellcasting   | 4 5 |  5.2
Invocations    | 4 |  4.0
Hexes          | 5 |  5.1

Action                   |  1- 3 |  4- 6 |  7- 9 | 10-12 || total
-------------------------+-------+-------+-------+-------++-------
Melee: Dagger            |    85 |   192 |   321 |    23 ||   621
 Cast: Ensorcelled Hiber |       |    12 |    48 |     3 ||    63
       Corona            |       |     2 |     1 |       ||     3
 Abil: Spit Poison       |     8 |     9 |     3 |       ||    20
Evoke: Wand              |       |       |     4 |       ||     4
  Use: Scroll            |    10 |     3 |     2 |       ||    15
       Potion            |       |     9 |     6 |     3 ||    18
 Stab: Sleeping          |     8 |    16 |    42 |     1 ||    67
       Invisible         |       |     5 |       |       ||     5
       Distracted        |       |     1 |     1 |       ||     2
  Eat: Chunk             |     1 |     8 |    27 |     1 ||    37
       Fruit             |       |       |     1 |       ||     1
Armor: Robe              |    11 |    44 |   103 |     5 ||   163
       Skin              |       |    11 |       |    24 ||    35
Dodge: Dodged            |    45 |    94 |   189 |    17 ||   345
